 Dungeon Crawl Stone Soup version 0.30-a0-857-gcaf70739d4 (webtiles) character file.

Game seed: 17025957770232706199

156 FexLirch the Insei (level 5, -1/33 HPs)
             Began as an Octopode Transmuter on Mar 5, 2023.
             Killed by divine providence
             ... invoked by an orc priest
              (9 damage)
             ... on level 3 of the Dungeon.
             The game lasted 00:05:28 (1903 turns).

FexLirch the Insei (Octopode Transmuter)            Turns: 1903, Time: 00:05:29

Health: -1/33      AC:  1    Str:  9    XL:     5   Next: 38%
Magic:  7/8        EV: 18    Int: 18    God:
Gold:   43         SH:  0    Dex: 12    Spells: 5/8 levels left

rFire   . . .      SeeInvis .      - Unarmed
rCold   . . .      Faith    .    (no shield)
rNeg    . . .      Spirit   .    (helmet currently unavailable)
rPois   .          Reflect  .    (no amulet)
rElec   .          Rampage  .    e - +5 ring of evasion
rCorr   .                        (no ring)
Will    .....                    (no ring)
Stlth   ++                       (no ring)
HPRegen 0.25/turn                (no ring)
MPRegen 0.11/turn                (no ring)
                                 (no ring)
                                 (no ring)

@: appendages
A: tentacle spike 3, almost no armour, amphibious, 8 rings, camouflage 1,
gelatinous body 1, (nimble swimmer 1), tentacles
a: End Transformation


You were on level 3 of the Dungeon.
One of your tentacles had grown a beastly spike.
You visited 1 branch of the dungeon, and saw 3 of its levels.

You collected 93 gold pieces.
You spent 50 gold pieces at shops.

Inventory:

Missiles
 f - 4 javelins (quivered)
 i - 2 boomerangs
Jewellery
 e - a +5 ring of evasion (left tentacle)
 n - an amulet of faith
Wands
 k - a wand of paralysis (2)
 p - a wand of polymorph (10)
 q - a wand of iceblast (9)
Scrolls
 b - 3 scrolls of poison
 d - a scroll of blinking
 g - a scroll of noise
 j - a scroll of fear {unknown}
 l - a scroll of magic mapping {unknown}
 r - a scroll of immolation {unknown}
Potions
 a - a potion of lignification
 c - a potion of attraction
 h - a potion of heal wounds
 m - 3 potions of brilliance {unknown}
 o - a potion of curing {unknown}


   Skills:
 - Level 1.0 Fighting
 - Level 2.0 Dodging
 + Level 4.6 Unarmed Combat
 - Level 2.0 Spellcasting
 + Level 4.0 Transmutations


You had 5 spell levels left.
You knew the following spells:

 Your Spells              Type           Power      Damage    Failure   Level
a - Beastly Appendage     Tmut           32%        N/A       3%          1
b - Wereblood             Tmut           16%        N/A       5%          2

Your spell library contained the following spells:

 Spells                   Type           Power      Damage    Failure   Level
 Apportation              Tloc           2%         N/A       19%         1
 Necrotise                Necr           4%         1d4       19%         1
 Summon Small Mammal      Summ           4%         N/A       19%         1
 Spider Form              Tmut/Pois      9%         N/A       24%         3
 Ice Form                 Ice/Tmut       9%         N/A       61%         4


Dungeon Overview and Level Annotations

Branches:
Dungeon (3/15)

Altars:
Vehumet

Shops:
D:1 *


Innate Abilities, Weirdness & Mutations

One of your tentacles has grown a beastly spike.
You cannot wear most types of armour.
You are amphibious.
You can wear up to eight rings at the same time.
Your skin changes colour to match your surroundings (Stealth+).
Your rubbery body absorbs attacks. (AC +1, EV +1)
((You are camouflaged when in or above water. (Stealth+)))
You have tentacles for arms and can constrict up to eight enemies at once.


Message History

Your primal bloodlust is almost over.
You constrict the orc priest.
You feel a bit better.
You kill the orc priest!
Your Transmutations skill increases to level 4!
You tentacle-slap the orc.
You kill the orc!
You tentacle-slap the orc. You grab the orc.
You pierce the orc.
The orc is heavily wounded.
You constrict the orc, but do no damage.
The orc misses you.
An orc priest comes into view. It is wielding a +1 heavy falchion.
You barely miss the orc.
You pierce the orc.
You kill the orc!
The orc misses you.
You tentacle-slap the orc. You grab the orc.
You pierce the orc.
You kill the orc!
Items here: ))) [[ †.
Your tentacle spike disappears.
Your primal bloodlust has ended.
Casting: Wereblood (safe; 5% risk of failure)
Confirm with . or Enter, or press ? or * to list all spells.
One of your tentacles grows a vicious spike.
You tentacle-slap the orc priest. Your grab misses the orc priest.
Your tentacle spike misses the orc priest.
The orc priest is heavily wounded.
The orc priest hits you with a +1 heavy falchion!
You closely miss the orc priest. Your grab misses the orc priest.
You pierce the orc priest.
The orc priest is heavily wounded.
You tentacle-slap the orc priest. Your grab misses the orc priest.
You pierce the orc priest, but do no damage.
The orc priest is severely wounded.
The orc priest invokes the aid of Beogh against you.
Pain shoots through your body!
* * * LOW HITPOINT WARNING * * *
You closely miss the orc priest. Your grab misses the orc priest.
You pierce the orc priest.
The orc priest is almost dead.
The orc priest invokes the aid of Beogh against you.
Beogh smites you!
You die...

##.... ..... .... ...
..######## ##
#..#.....##.. #
#.o..$.......
#.#.@..........
#....))........
##.#...........
#.#...............[.
#......†...(........
###.................
#####.................
..##...#.#.....##........
.........#####.####......


You could see an orc priest.

Vanquished Creatures
  An orc priest (D:3)
  Terence (D:2)
  3 adders
  3 worms (D:2)
  6 orcs (D:3)
  4 ball pythons
  7 bats
  5 endoplasms
  4 giant cockroaches
  4 goblins (D:1)
  3 hobgoblins
  2 jackals (D:2)
  4 kobolds
  2 quokkas
  A frilled lizard (D:2)
  6 rats
56 creatures vanquished.

Notes
Turn   | Place    | Note
-------+----------+-------------------------------------------
     0 | D:1      | FexLirch the Octopode Transmuter began the quest for the
                  | Orb.
     0 | D:1      | Reached XP level 1. HP: 13/13 MP: 3/3
   131 | D:1      | Reached XP level 2. HP: 17/18 MP: 5/5
   138 | D:1      | Learned a level 2 spell: Wereblood
   607 | D:1      | Reached XP level 3. HP: 17/23 MP: 4/6
   746 | D:1      | Found Caunno's General Store.
   756 | D:1      | Bought a potion of heal wounds for 50 gold pieces
   930 | D:2      | Noticed Terence
   943 | D:2      | Killed Terence
   944 | D:2      | Reached XP level 4. HP: 23/28 MP: 7/7
  1678 | D:2      | Found a radiant altar of Vehumet.
  1866 | D:3      | Reached XP level 5. HP: 28/33 MP: 6/8
  1903 | D:3      | Killed from afar by an orc priest

Illustrated notes

Levels and vault maps discovered:
D:1:      dpeg_arrival_tiny_a, layout_loops_ring, serial_shops, shop_fountains
D:2:      minmay_door_path, layout_basic, basic_altar, grunt_ministairs_3,
          nicolae_wormholes, uniq_terence
D:3:      layout_rooms, portal_sewer_entry_f, skrybe_limestone_x

Skill      XL: |  1  2  3  4  5 |
---------------+----------------+-----
Transmutations | 3 4 |  4.0
Unarmed Combat | 4 |  4.6
Fighting       | |  1.0
Dodging        | |  2.0
Spellcasting   | |  2.0

Action                     |  1- 3 |  4- 6 || total
---------------------------+-------+-------++-------
  Melee: Unarmed           |    64 |    62 ||   126
         Constrict         |    20 |    22 ||    42
         Tentacles         |    19 |     6 ||    25
         Kick              |    15 |    29 ||    44
         Punch             |     1 |     3 ||     4
  Throw: Javelin           |     4 |     1 ||     5
         Stone             |       |     3 ||     3
   Cast: Beastly Appendage |    18 |    10 ||    28
         Wereblood         |     2 |     7 ||     9
    Use: Scroll            |       |     4 ||     4
   Stab: Sleeping          |     5 |     1 ||     6
 Armour: Skin              |     6 |     2 ||     8
  Dodge: Dodged            |    40 |    27 ||    67

Table legend: (Time is in decaauts)
 A = Elapsed time spent in this place.
 B = Non-inter-level travel time spent in this place.
 C = Inter-level travel time spent in this place.
 D = Time resting spent in this place.
 E = Time spent auto-exploring this place.
 F = Levels seen in this place.
 G = Mean time per level.
                   A        B        C        D        E       F      G
               +--------+--------+--------+--------+--------+-----+--------+
         Total |   1897 |   1714 |    183 |      0 |   1320 |   3 |  632.3 |
       Dungeon |   1897 |   1714 |    183 |      0 |   1320 |   3 |  632.3 |
               +--------+--------+--------+--------+--------+-----+--------+

Top non-repeatable levels by time:
     D:2: 915 daAuts
     D:1: 882 daAuts
     D:3: 99 daAuts
